 Seeded DCSS version 0.29-a0-409-gd843f3a48c (webtiles) character file.

Game seed: 17930253926559947122 (custom seed)

7 zeratav the Digger (level 2, 17/17 HPs)
             Began as an Octopode Earth Elementalist on May 14, 2022.
             Was a Follower of Dithmenos.
             Quit the game on level 1 of the Dungeon.
             The game lasted 00:00:36 (517 turns).

zeratav the Digger (Octopode Earth Elementalist)     Turns: 517, Time: 00:00:36

Health: 17/17      AC:  1    Str:  7    XL:     2   Next: 4%
Magic:  3/5        EV: 13    Int: 17    God:    Dithmenos [*.....]
Gold:   0          SH:  0    Dex: 12    Spells: 4/5 levels left

rFire   . . .      SeeInvis .   e - staff of earth {staff}
rCold   . . .      Faith    .   (no shield)
rNeg    . . .      Spirit   .   (helmet restricted)
rPois   .          Reflect  .   (no amulet)
rElec   .          Harm     .   (no ring)
rCorr   .          Rampage  .   (no ring)
Will    .....                   (no ring)
Stlth   +++.......              (no ring)
HPRegen 0.05/turn               (no ring)
MPRegen 0.09/turn               (no ring)
                                (no ring)
                                (no ring)

@: wreathed by umbra
A: almost no armour, amphibious, 8 rings, camouflage 1, gelatinous body 1,
(nimble swimmer 1), tentacles
a: Renounce Religion


You were on level 1 of the Dungeon.
You worshipped Dithmenos.
Dithmenos was aware of your devotion.
You visited 1 branch of the dungeon, and saw 1 of its levels.


Innate Abilities, Weirdness & Mutations

You cannot wear most types of armour.
You are amphibious.
You can wear up to eight rings at the same time.
Your skin changes colour to match your surroundings (Stealth+).
Your rubbery body absorbs attacks. (AC +1, EV +1)
((You are camouflaged when in or above water. (Stealth+)))
You have tentacles for arms and can constrict up to eight enemies at once.


   Skills:
 - Level 2.0 Dodging
 - Level 2.6 Stealth
 + Level 2.2 Spellcasting
 - Level 1.0 Transmutations
 * Level 3.3 Earth Magic


You had 4 spell levels left.
You knew the following spells:

 Your Spells              Type           Power      Damage    Failure   Level
a - Sandblast             Erth           38%        2d10      4%          1

Your spell library contained the following spells:

 Spells                   Type           Power      Damage    Failure   Level
 Passwall                 Tmut/Erth      10%        N/A       12%         2
 Stone Arrow              Conj/Erth      22%        3d8       28%         3
 Petrify                  Tmut/Erth      13%        N/A       61%         4

Inventory:

Missiles
 a - 47 stones {throwing}
Magical Staves
 e - a staff of earth (weapon) {staff}
   (You found it on level 1 of the Dungeon)
Potions
 b - a potion of magic
 c - 2 potions of curing {unknown}
 d - a potion of berserk rage {unknown}
 f - 2 potions of brilliance {unknown}

Dungeon Overview and Level Annotations

Branches:
Dungeon (1/15)

Altars:
Dithmenos

#########..#.####.####
##..### #.# #
#####♣....♣###### ##
###..........PP8. ##.
#...............P #..
#####.########+## ##.
#.......# ##.
#......♣# #.. #..P@..♣
#.. ###.⌠.## # #####.
#####.. . ## #.# #.
...#.#. #.# #.
.....#.##.###.
.......÷......
#.##.#..#####. #..#
##. #>............


There were no monsters in sight!


Message History

There is an open door here.
You open the door.
There is an open door here.
You open the door.
There is an open door here.
c - a metallic brown potion
a - 52 stones {throwing} (gained 22)
You open the door.
There is an open door here.
A goblin comes into view. It is wielding a +0 club.
A goblin is nearby!
A goblin is nearby!
The blast of sand hits the goblin!
You kill the goblin!
MP[-1]
You lost 1 mp, and now have 2/3 mp.
d - a +0 club {mace} MP[+1]
Your mp is fully restored (3).
c - 2 metallic brown potions (gained 1)
You see here a staff of earth {staff}.
e - a staff of earth (weapon)
{staff} You drop a +0 club {mace}.
You see here a +0 war axe {axe}.
You see here a +0 war axe {axe}.
d - a sedimented white potion
f - 2 fizzy purple potions A hobgoblin and a rat come into view.
There are monsters nearby!
You can't see any susceptible monsters within range! (Use Z to cast anyway.)
You can't see any susceptible monsters within range! (Use Z to cast anyway.)
You can't see any susceptible monsters within range! (Use Z to cast anyway.)
You can't see any susceptible monsters within range! (Use Z to cast anyway.)
A dart slug comes into view.
You feel a surge of power!
The blast of sand hits the hobgoblin.
The hobgoblin shouts!
MP[-1]
You lost 1 mp, and now have 2/3 mp.
You feel a surge of power!
The blast of sand hits the hobgoblin!
You kill the hobgoblin!
The dart slug launches a dart at you. The slug dart hits you.
HP[-4] MP[-1]
You take 4 damage, and now have 7/11 hp.
MASSIVE DAMAGE!! (PAUSE)
You lost 1 mp, and now have 1/3 mp.
You are too injured to fight recklessly!
You are too injured to fight recklessly!
You are too injured to fight recklessly!
Casting: Sandblast (safe; 5% risk of failure)
Confirm with . or Enter, or press ? or * to list all spells.
Aiming: Sandblast (safe; 5% risk of failure)
Press: ? - help, Shift-Dir - straight line, f - rat
Aim: a rat (79% to hit)
You feel a surge of power!
The blast of sand hits the rat!
You kill the rat!
MP[-1]
You lost 1 mp, and now have 0/3 mp.
The dart slug briefly extends its eye-stalks.
You hit the dart slug. You grab the dart slug. You squeeze the dart slug.
You constrict the dart slug. The dart slug misses you.
You hit the dart slug. You constrict the dart slug.
The dart slug launches a dart at you. The slug dart hits you.
* * * LOW HITPOINT WARNING * * *
HP[-2]
You take 2 damage, and now have 5/11 hp.
You hit the dart slug. You tentacle-slap the dart slug.
You kill the dart slug!
Found a stone staircase leading down.
You start resting.
HP[+1] MP[+3]
Your mp is fully restored (3).
You start resting.
HP[+5]
Your hp is fully restored (11).
You start waiting.
Done waiting.
Hit: e) staff of earth {staff}
Press: ? - help, Dir - move target You swing at nothing.
You see here a rat skeleton.
Found a faded altar of an unknown god.
An endoplasm comes into view.
There is a faded altar of an unknown god here.
Casting: Sandblast (safe; 4% risk of failure)
Confirm with . or Enter, or press ? or * to list all spells.
Aiming: Sandblast (safe; 4% risk of failure)
Press: ? - help, Shift-Dir - straight line, f - endoplasm
Aim: an endoplasm (asleep, 100% to hit)
You feel a surge of power!
The blast of sand hits the endoplasm!
You kill the endoplasm!
You have reached level 2!
HP[+6]
You now have 17 max hp (+6).
Your hp is fully restored (17).
You cannot tell which god this altar belongs to.
Convert to them anyway?
Dithmenos accepts your prayer! Dithmenos welcomes you!
You are shrouded in an aura of darkness!
Are you sure you want to abandon this character and quit the game? (Confirm with "yes".)

Action                   || total
-------------------------++-------
Melee: Staff             ||     3
       Constrict         ||     1
       Punch             ||     1
       Tentacles         ||     1
 Cast: Sandblast         ||     5
Dodge: Dodged            ||     1

Levels and vault maps discovered:
D:1:      dpeg_arrival_yet_another_circle, layout_basic, serial_rivers,
          chequers_serial_rivers_small_b, chequers_serial_rivers_large_b,
          chequers_serial_rivers_micro_b, chequers_serial_rivers_room_b,
          chequers_serial_rivers_micro_c, chequers_serial_rivers_large_a,
          chequers_ecumenical_altar_lobes

Notes
Turn   | Place    | Note
-------+----------+-------------------------------------------
     0 | D:1      | zeratav the Octopode Earth Elementalist began the quest for
                  | the Orb.
     0 | D:1      | Reached XP level 1. HP: 11/11 MP: 3/3
     0 | D:1      | magus.rc [v1.9.6]
   510 | D:1      | Found a faded altar of an unknown god.
   516 | D:1      | Reached XP level 2. HP: 17/17 MP: 3/5
   516 | D:1      | Prayed at the altar of an unknown god.
   516 | D:1      | Became a worshipper of Dithmenos the Shadowed
   516 | D:1      | Reached * piety under Dithmenos
   517 | D:1      | Quit the game

Vanquished Creatures
  A dart slug (D:1)
  An endoplasm (D:1)
  A goblin (D:1)
  A hobgoblin (D:1)
  A rat (D:1)
5 creatures vanquished.

Table legend:
 A = Non-vault XP
 B = Vault XP
 C = Vault XP percentage of total XP
 D = Non-vault monster count
 E = Vault monster count
 F = Vault count percentage of total count
                 A         B        C        D         E       F
            +---------+---------+-------+---------+---------+-------
      Total |      11 |       0 |   0.0 |       5 |       0 |   0.0
            +---------+---------+-------+---------+---------+-------
        D:1 |      11 |       0 |   0.0 |       5 |       0 |   0.0
            +---------+---------+-------+---------+---------+-------

Illustrated notes

Table legend:
 A = Kills in this place as a percentage of kills in entire the game.
 B = Kills by you in this place as a percentage of kills by you in the entire game.
 C = Kills by friends in this place as a percentage of kills by friends in the entire game.
 D = Other kills in this place as a percentage of other kills in the entire game.
 E = Experience gained in this place as a percentage of experience gained in the entire game.
 F = Experience gained in this place divided by the number of levels of this place that you have seen.
                   A       B       C       D       E      F
               +-------+-------+-------+-------+-------+----------------------
         Total | 100.0 | 100.0 |   N/A |   N/A | 100.0 |  11.0
       Dungeon | 100.0 | 100.0 |   N/A |   N/A | 100.0 |  11.0
               +-------+-------+-------+-------+-------+----------------------

Table legend: (Time is in decaauts)
 A = Elapsed time spent in this place.
 B = Non-inter-level travel time spent in this place.
 C = Inter-level travel time spent in this place.
 D = Time resting spent in this place.
 E = Time spent auto-exploring this place.
 F = Levels seen in this place.
 G = Mean time per level.
                   A        B        C        D        E       F      G
               +--------+--------+--------+--------+--------+-----+--------+
         Total |    517 |    517 |      0 |    282 |    135 |   1 |  517.0 |
       Dungeon |    517 |    517 |      0 |    282 |    135 |   1 |  517.0 |
               +--------+--------+--------+--------+--------+-----+--------+

Top non-repeatable levels by time:
     D:1: 517 daAuts
